 Dungeon Crawl Stone Soup version 0.28.0 (webtiles) character file.

Game seed: 16820825028975421296

8 SomeFlowers the Sneak (level 2, -5/26 HPs)
             Began as a Ghoul Delver on Feb 9, 2022.
             Killed from afar by Sigmund (8 damage)
             ... with a magic dart
             ... on level 2 of the Dungeon.
             The game lasted 00:02:14 (690 turns).

SomeFlowers the Sneak (Ghoul Delver)                 Turns: 690, Time: 00:02:15

Health: -5/26      AC:  3    Str: 15    XL:     2   Next: 8%
Magic:  1/1        EV: 11    Int:  5    God:
Gold:   48         SH:  0    Dex: 10    Spells: 1/1 levels left

rFire   . . .      SeeInvis .   a - +0 short sword
rCold   + . .      Faith    .   (no shield)
rNeg    + + +      Spirit   .   b - +0 leather armour
rPois   ∞          Reflect  .   (no helmet)
rElec   .          Harm     .   (no cloak)
rCorr   .          Rampage  .   (no gloves)
Will    .....                   (no boots)
Stlth   +++.......              (no amulet)
HPRegen 0.00/turn               (no ring)
MPRegen 0.07/turn               (no ring)

@: inhibited regen
A: claws 1, cold resistance 1, negative energy resistance 3, inhibited
regeneration, torment resistance 2
a: no special abilities


You were on level 2 of the Dungeon.
You visited 1 branch of the dungeon, and saw 4 of its levels.

You collected 48 gold pieces.

Inventory:

Hand Weapons
 a - a +0 short sword (weapon)
Missiles
 i - 3 poisoned darts (quivered)
 o - 2 throwing nets
Armour
 b - a +0 leather armour (worn)
Wands
 g - a wand of digging (3)
Scrolls
 c - a scroll of fog
 d - a scroll of magic mapping
 e - a scroll of fear
 h - 2 scrolls of teleportation {unknown}
 j - a scroll of torment {unknown}
 k - a scroll of noise {unknown}
 l - a scroll of silence {unknown}
 n - a scroll of blinking {unknown}
Potions
 f - a potion of haste
 m - a potion of cancellation {unknown}


   Skills:
 - Level 3.2 Fighting
 * Level 1.9 Short Blades
 - Level 1.7 Dodging
 + Level 5.9 Stealth


You had one spell level left.
You didn't know any spells.
Your spell library was empty.

Dungeon Overview and Level Annotations

Branches:
Dungeon (5/15)
 Temple: D:4-7

Altars:

Annotations:
D:2 Sigmund


Innate Abilities, Weirdness & Mutations

You thrive by killing the living.
You are immune to poison.
You have sharp fingernails.
Your flesh is cold resistant. (rC+)
You are immune to negative energy. (rN+++)
You do not regenerate when monsters are visible.
You are immune to unholy pain and torment.


Message History

Aim: Sigmund, wielding a +0 scythe, wearing a +1 robe of fire resistance and carrying a wand of flame (21) (lightly wounded, poisoned, 52% to hit)
You throw a poisoned dart.
The poisoned dart closely misses Sigmund.
Sigmund zaps a wand.
The puff of flame hits you.
Throw: 6 darts (poison)
Press: ? - help, Q - select action, (/) - cycle Shift-Dir - straight line, f/p - Sigmund
Aim: Sigmund, wielding a +0 scythe, wearing a +1 robe of fire resistance and carrying a wand of flame (20) (lightly wounded, poisoned, 52% to hit)
You throw a poisoned dart. The poisoned dart hits Sigmund.
Sigmund looks even sicker.
Sigmund is lightly wounded.
Sigmund drinks a potion.
Sigmund seems to speed up.
Throw: 5 darts (poison)
Press: ? - help, Q - select action, (/) - cycle Shift-Dir - straight line, f/p - Sigmund
Aim: Sigmund, wielding a +0 scythe, wearing a +1 robe of fire resistance and carrying a wand of flame (20) (lightly wounded, fast, very poisoned, 52% to hit)
You throw a poisoned dart. The poisoned dart hits Sigmund.
Sigmund looks even sicker.
Sigmund is lightly wounded.
As you read the scroll of fog, it crumbles to dust.
The scroll dissolves into smoke.
Sigmund zaps a wand.
The puff of flame hits you!
Throw: 4 darts (poison)
Press: ? - help, Q - select action, (/) - cycle Shift-Dir - straight line You can't see that place. [the floor.]
You can't see that place.
Okay, then.
Throw: 4 darts (poison)
Press: ? - help, Q - select action, (/) - cycle Shift-Dir - straight line
Okay, then.
Throw: 4 darts (poison)
Press: ? - help, Q - select action, (/) - cycle Shift-Dir - straight line, f - Sigmund
Aim: Sigmund, wielding a +0 scythe, wearing a +1 robe of fire resistance and carrying a wand of flame (19) (grey smoke, moderately wounded, fast, very poisoned, 52% to hit)
You throw a poisoned dart. The poisoned dart hits Sigmund.
Sigmund looks as sick as possible!
Sigmund is moderately wounded.
Sigmund hits you from afar with a +0 scythe!
* * * LOW HITPOINT WARNING * * *
Sigmund casts a spell at you. The magic dart hits you!
You die...

#......##########
#......'.........
#......##########
. #......# ..
#......# .!.
#.§§...# ....
#§@§...#
.(.(.###§§§...#
#.@§§§§§.@>#
#..§§§§§...#
#..§§§§....#
#....§######
#.....# #.....#
#.....# #.....#
#.....#


You could see Sigmund (fast, extremely poisoned).

Vanquished Creatures
  A ball python (D:3)
  A giant cockroach (D:3)
  A hobgoblin (D:3)
  A goblin (D:4)
  4 kobolds (D:3)
  A rat (D:2)
9 creatures vanquished.

Notes
Turn   | Place    | Note
-------+----------+-------------------------------------------
     0 | D:5      | SomeFlowers the Ghoul Delver began the quest for the Orb.
     0 | D:5      | Reached XP level 1. HP: 19/19 MP: 0/0
    30 | D:5      | Noticed an ogre
   149 | D:4      | Noticed an ogre
   577 | D:3      | Reached XP level 2. HP: 26/26 MP: 1/1
   651 | D:2      | Noticed Sigmund
   690 | D:2      | Killed from afar by Sigmund

Illustrated notes

Levels and vault maps discovered:
D:2:      layout_basic, serial_shops, nicolae_shop_trees,
          hellmonk_ecumenical_altar_watching_god, kennysheep_another_room,
          uniq_sigmund, uniq_terence
D:3:      layout_loops_ring, lightli_corner_chamber
D:4:      layout_loops_ring
D:5:      layout_rooms, mainiacjoe_overflow_alcove_1, kennysheep_generic_room_12

Action                   || total
-------------------------++-------
Melee: Short sword       ||    13
Throw: Dart              ||     6
  Use: Scroll            ||     1
 Stab: Sleeping          ||     2
Armor: Leather armour    ||     3
Dodge: Dodged            ||     4
